 Dungeon Crawl Stone Soup version 0.26-a0-849-gf1512cd430 (webtiles) character file.

Game seed: 2106380679444416517

60 Descartes the Covert (level 3, -3/17 HPs)
             Began as a Felid Delver on Nov 20, 2020.
             Slain by a kobold
             ... wielding a +3 dagger of electrocution
              (20 damage)
             ... on level 3 of the Dungeon.
             The game lasted 00:01:58 (1096 turns).

Descartes the Covert (Felid Delver)                 Turns: 1096, Time: 00:01:58

Health: -3/17      AC:  1    Str:  8    XL:     3   Next: 80%
Magic:  4/4        EV: 18    Int: 12    God:
Gold:   24         SH:  0    Dex: 17    Spells: 2/2 levels left
                                        Lives:  0   Deaths: 1

rFire    . . .     SeeInvis +     - Unarmed
rCold    . . .     Faith    .   (shield unavailable)
rNeg     . . .     Spirit   .   (armour unavailable)
rPois    .         Reflect  .   (helmet unavailable)
rElec    .         Harm     .   (cloak unavailable)
rCorr    .         Rampage  .   (gloves unavailable)
MR       .....                  (boots unavailable)
Stlth    +++++.....             (no amulet)
HPRegen  0.05/turn              (no ring)
MPRegen  0.09/turn              (no ring)

@: quick
A: very small, no armour, no weapons or thrown items, stealth, claws 1, fangs 3,
see invisible, speed 1, shaggy fur 1, sharp paws
a: no special abilities


You were on level 3 of the Dungeon.
You visited 2 branches of the dungeon, and saw 4 of its levels.

You collected 24 gold pieces.

Inventory:

Wands
 e - a wand of digging (3)
Scrolls
 a - 2 scrolls of fog
 b - a scroll of magic mapping
 c - a scroll of fear
Potions
 d - a potion of haste


   Skills:
 - Level 3.0 Fighting
 - Level 2.6 Dodging
 + Level 9.5 Stealth
 - Level 2.0 Unarmed Combat


You had 2 spell levels left.
You didn't know any spells.
Your spell library was empty.

Dungeon Overview and Level Annotations

Branches:
Dungeon (5/15)             Temple (1/1) D:4

Altars:
Cheibriados
Dithmenos
Gozag
Hepliaklqana
Kikubaaqudgha
Makhleb
Nemelex Xobeh
Okawaru
Qazlal
Sif Muna
Uskayaw
Wu Jian
Xom
Zin
The Shining One


Innate Abilities, Weirdness & Mutations

You cannot wear armour.
You are incapable of wielding weapons or throwing items.
Your paws allow you to move quietly. (Stealth)
You have sharp claws.
You have razor-sharp teeth.
You have supernaturally acute eyesight. (SInv)
You cover ground quickly.
You are covered in fur. (AC +1)
Your sharp claws are effective at attacking unaware monsters.


Message History

No target in view!
No target in view!
No target in view!
No target in view!
No target in view!
No target in view!
No target in view!
No target in view!
No target in view!
No target in view!
No target in view!
No target in view!
HP restored.
You now have 24 gold pieces (gained 8).
A kobold comes into view.
It is wielding a +3 dagger of electrocution.
Found 15 sling bullets.
The kobold shouts!
The kobold hits you but does no damage.
You are electrocuted!!
Ouch! That really hurt!
You die...

........†....######
.............#
........#.####
........#..#
####.##.##.# #.
#.##.## # #.##..###
..#.....#
####.#@#.#
.......K.(.....
.######...#....
....#.... ##.## ###
.# .. #.


You could see a kobold.

Vanquished Creatures
  A sky beast (D:5)
  A gnoll (D:5)
  An adder (D:5)
  2 orcs
  A goblin (D:3)
  2 jackals (D:5)
  A quokka (D:3)
  A frilled lizard (D:4)
10 creatures vanquished.

Notes
Turn   | Place    | Note
-------+----------+-------------------------------------------
     0 | D:5      | Descartes the Felid Delver began the quest for the Orb.
     0 | D:5      | Reached XP level 1. HP: 10/10 MP: 2/2
    39 | D:5      | Noticed a sky beast
    48 | D:5      | Killed a sky beast
    49 | D:5      | Reached skill level 9 in Stealth
    49 | D:5      | Reached XP level 2. HP: 1/14 MP: 3/3
    49 | D:5      | Reached XP level 3. HP: 2/17 MP: 4/4
    49 | D:5      | Reached XP level 4. HP: 2/21 MP: 5/5
   500 | D:4      | Found a staircase to the Ecumenical Temple.
   510 | Temple   | Entered the Ecumenical Temple
   927 | D:4      | Noticed a phantom
   954 | D:4      | Found a glowing golden altar of the Shining One.
   976 | D:4      | Slain by an orc wizard
   977 | D:4      | Reached XP level 3. HP: -1/17 MP: 4/4
  1096 | D:3      | Slain by a kobold

Illustrated notes

Levels and vault maps discovered:
D:3:      layout_basic, gammafunk_ghost_cemetery
D:4:      layout_rooms, minmay_temple_entry_glassed_door,
          nicolae_tso_carved_into_rock
D:5:      cheibrodos_iron_armory, layout_loops_corners, serial_shops, shop
Temple:   regret_index_temple_generic_petals

Skill      XL: |  1 |
---------------+----+-----
Stealth        | 9 |  9.5
Fighting       | |  3.0
Dodging        | |  2.6
Unarmed Combat | |  2.0

Action                   |  1- 3 |  4- 6 || total
-------------------------+-------+-------++-------
Melee: Unarmed           |    11 |    34 ||    45
       Bite              |     1 |     1 ||     2
 Stab: Sleeping          |     2 |     4 ||     6
Dodge: Dodged            |     6 |    41 ||    47

Table legend: (Time is in decaauts)
 A = Elapsed time spent in this place.
 B = Non-inter-level travel time spent in this place.
 C = Inter-level travel time spent in this place.
 D = Time resting spent in this place.
 E = Time spent auto-exploring this place.
 F = Levels seen in this place.
 G = Mean time per level.
                   A        B        C        D        E       F      G
               +--------+--------+--------+--------+--------+-----+--------+
         Total |    983 |    955 |     28 |    244 |    463 |   4 |  245.8 |
       Dungeon |    665 |    665 |      0 |    244 |    175 |   3 |  221.7 |
        Temple |    318 |    290 |     28 |      0 |    288 |   1 |  318.0 |
               +--------+--------+--------+--------+--------+-----+--------+

Top non-repeatable levels by time:
     D:5: 423 daAuts
  Temple: 318 daAuts
     D:4: 143 daAuts
     D:3: 97 daAuts
